 Dungeon Crawl Stone Soup version 0.23-a0-454-gae4fabde77 (webtiles) character file.

184 LostNumber the Vandal (level 5, 0/35 HPs)
             Began as a Halfling Arcane Marksman on Nov 24, 2018.
             Slain by a sky beast (4 damage)
             ... on level 2 of the Dungeon.
             The game lasted 00:02:31 (1361 turns).

LostNumber the Vandal (Halfling Arcane Marksman)    Turns: 1361, Time: 00:02:32

Health: 0/35       AC:  5    Str: 12      XL:     5   Next: 95%
Magic:  6/6        EV: 14    Int: 10 (11) God:
Gold:   134        SH:  0    Dex: 14 (15) Spells: 5/6 levels left

rFire    . . .     SeeInvis .   a - +0 hunting sling
rCold    . . .     Gourm    .   (shield restricted)
rNeg     . . .     Faith    .   l - +0 ring mail
rPois    .         Spirit   .   (no helmet)
rElec    .         Reflect  .   (no cloak)
rCorr    .         Harm     .   (no gloves)
MR       .....                  (no boots)
Stlth    +.........             (no amulet)
HPRegen  0.11/turn              (no ring)
MPRegen  0.10/turn              (no ring)

@: no status effects
A: small, mutation resistance 1
a: no special abilities


You were on level 2 of the Dungeon.
You were very hungry.

You visited 1 branch of the dungeon, and saw 2 of its levels.

You collected 134 gold pieces.

Inventory:

Hand Weapons
 a - a +0 hunting sling (weapon)
Missiles
 d - 7 sling bullets (quivered)
 i - 19 stones
Armour
 e - a +0 robe
 l - a +0 ring mail (worn)
Jewellery
 k - an uncursed amulet of guardian spirit {unknown}
Scrolls
 b - a scroll of immolation {unknown}
 g - a scroll of amnesia {unknown}
 h - 3 scrolls of identify {unknown}
 j - a scroll of fog {unknown}
 n - a scroll of teleportation {unknown}
Potions
 c - 2 potions of flight
 m - a potion of curing {unknown}
Comestibles
 f - 4 rations


   Skills:
 + Level 2.4 Fighting
 * Level 6.2 Slings
 - Level 3.5 Dodging
 - Level 1.0 Spellcasting
 - Level 2.4 Hexes


You had 5 spell levels left.
You knew the following spells:

 Your Spells              Type           Power        Failure   Level  Hunger
a - Corona                Hex            #......      30%         1    ##.....

Your spell library contained the following spells:

 Spells                   Type           Power        Failure   Level  Hunger
 Slow                     Hex            #.......     41%         2    ###....
 Inner Flame              Hex/Fire       #.......     82%         3    ####...
 Portal Projectile        Hex/Tloc       #.....       82%         3    ####...
 Cause Fear               Hex            #.........   96%         4    #####..
 Leda's Liquefaction      Hex/Erth       #.........   99%         4    #####..


Dungeon Overview and Level Annotations

Branches:
Dungeon (2/15)

Altars:


Innate Abilities, Weirdness & Mutations

You are small and have problems with some larger weapons.
You are somewhat resistant to further mutation.


Message History

The sling bullet hits the sky beast but does no damage.
The sky beast is severely wounded.
Firing (i - inventory. (/) - cycle)
d - 9 sling bullets (quivered)
Press: ? - help, Shift-Dir - straight line, f/p - sky beast
Aim: a sky beast (severely wounded)
You shoot a sling bullet.
The sling bullet closely misses the sky beast.
The sky beast hits you.
* * * LOW HITPOINT WARNING * * *
The sky beast shocks you.
* * * LOW HITPOINT WARNING * * *
Firing (i - inventory. (/) - cycle)
d - 8 sling bullets (quivered)
Press: ? - help, Shift-Dir - straight line, f/p - sky beast
Aim: a sky beast (severely wounded)
You shoot a sling bullet. The sling bullet hits the sky beast.
The sky beast is almost dead.
The sky beast flickers out of sight!
Deactivating autopickup; reactivate with Ctrl-A.
Something hits you.
You die...

#.# #........# #.#
#........# #.# ##########
#.# #### #.# #... #.# #...
#.# #... #.#############
#####... #.(.....{@....#
#.......
#############.#####.......
#..........#.#...+.....##
#.########.#.#.###.....#
#.# #.#.....#.....# #.#
#.....#.#.....# #.#
####....#.....# #.#
#...........### #.#
#.##.#####..##


There were no monsters in sight!

Vanquished Creatures
  Sigmund (D:2)
  2 worms (D:2)
  A dart slug (D:2)
  5 bats
  2 giant cockroaches (D:1)
  2 goblins
  3 hobgoblins (D:1)
  3 jackals (D:2)
  5 kobolds
  A quokka (D:2)
  A frilled lizard (D:1)
  2 rats
28 creatures vanquished.

Notes
Turn   | Place    | Note
-------+----------+-------------------------------------------
     0 | D:1      | LostNumber the Halfling Arcane Marksman began the quest for
                  | the Orb.
     0 | D:1      | Reached XP level 1. HP: 12/12 MP: 2/2
    89 | D:1      | Reached skill level 1 in Fighting
   107 | D:1      | Reached XP level 2. HP: 17/18 MP: 3/3
   649 | D:1      | Reached skill level 4 in Slings
   832 | D:2      | Reached XP level 3. HP: 23/23 MP: 4/4
   926 | D:2      | Noticed Sigmund
   939 | D:2      | HP: 1/23 [Sigmund/puff of flame (6)]
   953 | D:2      | Killed Sigmund
   953 | D:2      | Reached skill level 6 in Slings
   953 | D:2      | Reached XP level 4. HP: 18/30 MP: 5/5
   953 | D:2      | Reached XP level 5. HP: 21/35 MP: 6/6
  1315 | D:2      | Noticed a sky beast
  1361 | D:2      | Slain by a sky beast

Vault maps used:
D:1:      nicolae_arrival_memento_mori, lemuel_flame_loot_1
D:2:      first_ration, minmay_tromino_v4_a, uniq_natasha,
          uniq_crazy_yiuf_cottage, uniq_sigmund

Skill      XL: |  1  2  3 |
---------------+----------+-----
Fighting       | 1 2 |  2.4
Slings         | 4 6 |  6.2
Dodging        | 3 |  3.5
Spellcasting   | |  1.0
Hexes          | |  2.4

Action                   |  1- 3 |  4- 6 || total
-------------------------+-------+-------++-------
 Fire: Hunting sling     |    72 |    48 ||   120
 Cast: Corona            |       |     1 ||     1
  Use: Potion            |     4 |       ||     4
Armor: Robe              |     6 |       ||     6
       Ring mail         |    11 |     5 ||    16
Dodge: Dodged            |    28 |    10 ||    38

Table legend:
 A = Non-vault XP
 B = Vault XP
 C = Vault XP percentage of total XP
 D = Non-vault monster count
 E = Vault monster count
 F = Vault count percentage of total count
                 A         B        C        D         E       F
            +---------+---------+-------+---------+---------+-------
      Total |      52 |     211 |  80.2 |      25 |       3 |  10.7
            +---------+---------+-------+---------+---------+-------
        D:1 |      27 |       0 |   0.0 |      16 |       0 |   0.0
        D:2 |      25 |     211 |  89.4 |       9 |       3 |  25.0
            +---------+---------+-------+---------+---------+-------
